 Dungeon Sprint DCSS version bcrawl-1.12-10-g10a67aac0f (webtiles) character file.

Game seed: 1537235283993886242

320252 Groucho the Ninja (level 15, 93/93 HPs)
             Began as a Felid Berserker on June 18, 2019.
             Was a High Priest of Trog.
             Escaped with the Orb!
             The game lasted 00:48:41 (7858 turns).

Groucho the Ninja (Felid Berserker)                 Turns: 7858, Time: 00:48:41

Health: 93/93      AC:  3    Str: 13    XL:     15   Next: 19%
Magic:  23/23      EV: 38    Int:  9    God:    Trog [*****.]
Gold:   2015       SH:  0    Dex: 22    Spells: 14/14 levels left
                                        Lives:  3   Deaths: 1

rFire    . . .     SeeInvis +     - Unarmed
rCold    + . .     Gourm    .   (shield unavailable)
rNeg     . . .     Faith    .   (armour unavailable)
rPois    +         Spirit   .   (helmet unavailable)
rElec    .         Reflect  .   (cloak restricted)
rCorr    .         Harm     .   (gloves unavailable)
MR       ++...     Clarity  +   (boots unavailable) Stlth ++++......NoTele +
                                p - amulet of the acrobat
HPRegen  0.25/turn              k - ring of poison resistance
MPRegen  0.18/turn              j - ring of flight

@: flying, quick
A: very small, no armour, no weapons or thrown items, stealth, claws 1, fangs 3,
see invisible, carnivore, clarity, speed 1, low mp 1, shaggy fur 3, inhibited
regeneration, slow metabolism 1, MP-powered wands, sharp paws
0: Orb of Zot
a: Berserk, Trog's Hand, Brothers in Arms, Renounce Religion, Stop Flying


You escaped.
You worshipped Trog.
Trog was extremely pleased with you.
You were not hungry.

You visited 1 branch You collected 5882 gold pieces.
You spent 3867 gold pieces at shops.

Inventory:

Jewellery
 a - a +3 ring of dexterity
 j - a ring of flight (right paw)
 k - a ring of poison resistance (left paw)
 p - an amulet of the acrobat (around neck)
 r - an uncursed ring of protection from fire
 w - an uncursed ring of stealth
 F - an uncursed amulet of guardian spirit
 K - the amulet "Lehasefa" {*Corrode rElec rF+++ Regen+ Dex-4}
   (You found it in the Dungeon)

   [amulet of regeneration]

   It affects your dexterity (-4).
   It renders you almost immune to fire.
   It insulates you from electricity.
   It increases your rate of regeneration.
   It may corrode you when you take damage.
 M - a cursed -3 ring of strength {unknown}
 O - the amulet "Owewet" {+Rage rN+ Dex+6, unknown}
   (You found it in the Dungeon)

   [amulet of rage]

   It affects your dexterity (+6).
   It protects you from negative energy.
   It lets you go berserk.
 P - a +6 amulet of reflection {unknown}
 Q - an uncursed ring of ice {unknown}
Wands
 m - a wand of digging (9)
 y - a wand of disintegration (14)
 B - a wand of iceblast (10)
 C - a wand of acid (3)
 J - a wand of clouds (3)
 L - a wand of random effects (5)
Scrolls
 b - 3 scrolls of fog
 c - 3 scrolls of enchant armour {unknown}
 d - 5 scrolls of remove curse
 g - a scroll of blinking
 l - 2 scrolls of identify
 n - 4 scrolls of immolation {unknown}
 o - a scroll of amnesia {unknown}
 q - 3 scrolls of enchant weapon {unknown}
 x - 8 scrolls of acquirement {unknown}
Potions
 e - 15 potions of magic
 f - a potion of berserk rage
 h - 16 potions of flight
 i - a potion of lignification
 s - 6 potions of brilliance
 u - 4 potions of curing
 v - 3 potions of resistance
 D - 10 potions of haste
 G - a potion of cancellation
 H - 2 potions of heal wounds
Miscellaneous
 z - a lamp of fire
 E - a lamp of fire
Comestibles
 A - 8 rations {!d}


   Skills:
 + Level 16.8 Fighting
 + Level 20.9 Dodging
 O Level 27 Stealth
 + Level 19.5 Unarmed Combat
 + Level 13.2 Evocations


You had 14 spell levels left.
You didn't know any spells.
Your spell library contained the following spells:

 Spells                   Type           Power        Failure   Level  Hunger
 Sandblast                Erth           #.....       38%         1    ##.....
 Lee's Rapid Deconstruct  Erth           #.........   100%        5    ######.
 Iron Shot                Conj/Erth      #.........   100%        6    #######
 Statue Form              Tmut/Erth      #........    100%        6    #######


Dungeon Overview and Level Annotations

Branches:
Dungeon (1/1)

Altars:
Cheibriados
Dithmenos
Elyvilon
Fedhas
Gozag
Hepliaklqana
Kikubaaqudgha
Lugonu
Makhleb
Nemelex Xobeh
Okawaru
Qazlal
Ru
Sif Muna
Trog
Uskayaw
Vehumet
Wu Jian
Xom
Yredelemnul
Zin
The Shining One
Beogh
Jiyva

Shops:
D *%(%:%(![(!*[[[%%(??%:=(=(?=}?!}}:!((


Innate Abilities, Weirdness & Mutations

You cannot wear almost all types of armour.
You are incapable of wielding weapons or throwing items.
Your paws allow you to move quietly. (Stealth)
You have sharp claws.
You have razor-sharp teeth.
You have supernaturally acute eyesight. (SInv)
You are carnivorous and can eat meat at any time.
You cover ground quickly.
Your thick and shaggy fur keeps you warm. (AC +3, rC+)
You have a slow metabolism.
Your sharp claws are effective at attacking unaware monsters.
You possess an exceptional clarity of mind.
Your magical capacity is low. (-10% MP)
You do not regenerate when monsters are visible.
You expend magic power (3 MP) to strengthen your wands.


Message History

You claw the Orb Guardian, but do no damage.
The Orb Guardian is severely wounded.
The Orb Guardian completely misses you.
You claw the Orb Guardian! Your claw misses the Orb Guardian.
The Orb Guardian is almost dead.
The Orb Guardian barely misses you.
You claw the Orb Guardian!
You kill the Orb Guardian!
Trog accepts your kill.
Really fly into a travel-excluded area? [Y]es or [N]o only, please.
Really fly into a travel-excluded area?
A blizzard demon comes into view.
Really fly into a travel-excluded area?
Okay, then.
Really fly into a travel-excluded area?
There is an open door here.
There is an open door here.
There is a staircase leading out of the dungeon here.
You have escaped!

##########≈≈#+++#+++#####....#.##
#########≈≈≈.........#..'....#..#
........#≈≈≈≈.##+##..#..####÷#..#
...⌠....#≈≈≈≈###.###.####..'.##.#
..∩.∩...#≈≈≈≈#..#..#....#..#...##
.∩.∩.∩..#≈≈####.#.####..#####..##
∩.∩.∩.∩.#≈##.###'###.##..#..'..#.
.∩...∩.∩#≈###.##.##.#.#..#.)#..#†
∩.....∩.'≈'.##'.@.'##.'..####.^##
.......∩#≈#...##.###..#...!###...
▓▓▓▓▓▓###≈##.###'###.##......≈≈≈≈
...######≈≈####.#.####≈≈.....≈#+#
.(.#..'^##≈≈≈#.###.#≈≈≈≈§≈≈..≈#_.
∩.('..#'##'#≈##.#.##≈§§≈≈≈≈§§≈#._
(..#.##≈##.#≈≈##'##≈≈≈≈≈§§≈§§≈#_.
[.(###≈§§####≈≈≈≈≈≈≈≈≈§§≈≈§≈≈≈#._
#)###§≈§§≈#,#+++#+++#≈≈≈§≈§§≈≈#..


There were no monsters in sight!

Vanquished Creatures
  A golden dragon (D)
  Gastronok (D)
  An Orb Guardian (D)
  A deep elf master archer (D)
  A kraken (D)
  3 quicksilver dragons (D)
  2 sphinxes (D)
  A storm dragon (D)
  Roxanne (D)
  An orc warlord (D)
  A draconian shifter (D)
  Nessos (D)
  3 lorocyprocas (D)
  A fire dragon (D)
  A centaur warrior (D)
  A death yak (D)
  3 sixfirhies (D)
  An obsidian statue (D)
  2 deep trolls (D)
  2 unseen horrors (D)
  An oklob plant (D)
  4 shining eyes (D)
  An ice statue (D)
  A yaktaur (D)
  3 polar bears (D)
  A hornet (D)
  3 slime creatures (D)
  5 hippogriffs (D)
  3 flying skulls (D)
  2 redbacks (D)
  2 wyverns (D)
  4 neqoxecs (D)
  2 floating eyes (D)
  3 black bears (D)
  A necrophage (D)
  4 crocodiles (D)
  A scorpion (D)
  A jelly (D)
  4 orc priests (D)
  An iron imp (D)
  4 worker ants (D)
  3 worms (D)
  4 ballistomycetes (D)
  A ballistomycete spore (D)
88 creatures vanquished.

Vanquished Creatures (collateral kills)
  the Lernaean hydra (D)
  A golden dragon (D)
  A bone dragon (D)
  A hellephant (D)
  A deep elf blademaster (D)
  Murray (D)
  Kirke (D)
  A storm dragon (D)
  A frost giant (D)
  A cacodemon (D)
  A dire elephant (D)
  A crystal guardian (D)
  A deep elf high priest (D)
  A great orb of eyes (D)
  A yaktaur captain (D)
  An iron elemental (D)
  2 hell hogs (D)
  Sonja (D)
  A skeletal warrior (D)
  A glowing orange brain (D)
  2 death drakes (D)
  A harpy (D)
  3 orc sorcerers (D)
  3 manticores (D)
  11 shining eyes (D)
  2 toenail golems (D)
  An eye of devastation (D)
  An elephant (D)
  A kobold demonologist (D)
  2 polar bears (D)
  15 flying skulls (D)
  3 yaks (D)
  3 soldier ants (D)
  8 floating eyes (D)
  2 swamp drakes (D)
  A spectral giant cockroach (D)
  A spectral quokka (D)
81 creatures vanquished.

Vanquished Creatures (others)
  Menkaure (D)
  A crocodile (D)
  A ballistomycete spore (D)
3 creatures vanquished.

Grand Total: 172 creatures vanquished

Notes
Turn   | Place    | Note
-------+----------+-------------------------------------------
     0 | D        | Groucho the Felid Berserker began the quest for the Orb.
     0 | D        | Reached XP level 1. HP: 12/12 MP: 2/2
     1 | D        | Reached skill level 3 in Stealth
     1 | D        | Reached skill level 4 in Stealth
     1 | D        | Reached skill level 5 in Stealth
    17 | D        | Killed Menkaure
   153 | D        | Reached ** piety under Trog
   164 | D        | Reached skill level 7 in Stealth
   164 | D        | Reached XP level 2. HP: 16/16 MP: 3/3
   164 | D        | Reached skill level 8 in Stealth
   164 | D        | Reached XP level 3. HP: 20/20 MP: 4/4
   164 | D        | Reached skill level 9 in Stealth
   164 | D        | Reached skill level 10 in Stealth
   173 | D        | Reached *** piety under Trog
   181 | D        | Reached skill level 13 in Stealth
   181 | D        | Reached XP level 4. HP: 24/24 MP: 5/5
   181 | D        | Reached XP level 5. HP: 28/28 MP: 6/6
   181 | D        | Noticed a neqoxec
   184 | D        | Killed a neqoxec
   185 | D        | Reached skill level 14 in Stealth
   185 | D        | Noticed a neqoxec
   186 | D        | Killed a neqoxec
   187 | D        | Reached skill level 16 in Stealth
   187 | D        | Gained mutation: You are covered in thick fur. (AC +2)
                  | [Felid growth]
   187 | D        | Reached XP level 6. HP: 32/32 MP: 7/7
   187 | D        | Noticed a neqoxec
   187 | D        | Reached skill level 17 in Stealth
   187 | D        | Noticed a neqoxec
   203 | D        | Killed a neqoxec
   203 | D        | Reached **** piety under Trog
   214 | D        | Slain by a white imp
   215 | D        | Reached XP level 5. HP: -1/28 MP: 6/6
   229 | D        | Killed a neqoxec
   252 | D        | Reached skill level 18 in Stealth
   252 | D        | Reached XP level 6. HP: 26/32 MP: 7/7
   252 | D        | Noticed a hippogriff
   252 | D        | Noticed a hippogriff
   255 | D        | Killed a hippogriff
   258 | D        | Killed a hippogriff
   262 | D        | Reached skill level 19 in Stealth
   262 | D        | Noticed a flying skull
   262 | D        | Reached skill level 20 in Stealth
   262 | D        | Reached XP level 7. HP: 30/36 MP: 8/8
   262 | D        | Noticed a flying skull
   262 | D        | Noticed a flying skull
   276 | D        | Found Dojepaoq's Magic Scroll Boutique.
   276 | D        | Found Manihal's Jewellery Shop.
   276 | D        | Found Goschirr's Jewellery Boutique.
   276 | D        | Found Syorgh's Weapon Boutique.
   276 | D        | Found Rizyorao's Book Shop.
   277 | D        | Found Lovvaka's Distillery.
   277 | D        | Found Gatoug's Magic Scroll Shop.
   277 | D        | Found Itrot's Magic Scroll Shop.
   278 | D        | Found Keixim's Gadget Boutique.
   278 | D        | Found Zaizomiu's Antique Armour Shop.
   278 | D        | Found Usolan's Antique Armour Boutique.
   278 | D        | Reached skill level 5 in Unarmed Combat
   278 | D        | Reached XP level 8. HP: 37/42 MP: 9/9
   278 | D        | Noticed an unseen horror
   281 | D        | Found Vuommeu's Antique Armour Shop.
   281 | D        | Found Gompyabe's Distillery.
   281 | D        | Reached skill level 5 in Fighting
   281 | D        | Noticed an unseen horror
   281 | D        | Noticed an oklob plant
   282 | D        | Found Rewk's Food Shop.
   282 | D        | Found Zainifawk's Antique Weapon Boutique.
   282 | D        | Found Nymemn's Book Shoppe.
   283 | D        | Noticed a polar bear
   284 | D        | Noticed a polar bear
   286 | D        | Reached skill level 10 in Dodging
   286 | D        | Reached XP level 9. HP: 46/50 MP: 10/10
   286 | D        | Noticed an iron elemental
   301 | D        | Bought 2 potions of flight for 60 gold pieces
   301 | D        | Bought a potion of invisibility for 80 gold pieces
   309 | D        | Bought an uncursed ring of flight for 175 gold pieces
   309 | D        | Bought an uncursed ring of poison resistance for 200 gold
                  | pieces
   319 | D        | Bought a potion of invisibility for 112 gold pieces
   327 | D        | Bought a scroll of identify for 24 gold pieces
   327 | D        | Bought a scroll of blinking for 90 gold pieces
   340 | D        | Reached ***** piety under Trog
   559 | D        | Found an iron altar of Okawaru.
   559 | D        | Found an opulent altar of Gozag.
   561 | D        | Found a sparkling altar of Nemelex Xobeh.
   561 | D        | Found a blossoming altar of Fedhas.
   562 | D        | Found a radiant altar of Vehumet.
   562 | D        | Found a burning altar of Makhleb.
   562 | D        | Found a white marble altar of Elyvilon.
   564 | D        | Found a hide-covered altar of Uskayaw.
   564 | D        | Found a corrupted altar of Lugonu.
   564 | D        | Found a shadowy altar of Dithmenos.
   565 | D        | Found a glowing silver altar of Zin.
   565 | D        | Found a bloodstained altar of Trog.
   565 | D        | Found an ancient bone altar of Kikubaaqudgha.
   571 | D        | Found a basalt altar of Yredelemnul.
   571 | D        | Found a deep blue altar of Sif Muna.
   571 | D        | Found a viscous altar of Jiyva.
   572 | D        | Found a shimmering altar of Xom.
   572 | D        | Found a sacrificial altar of Ru.
   573 | D        | Found a glowing golden altar of the Shining One.
   573 | D        | Found an ornate altar of the Wu Jian Council.
   573 | D        | Found a stormy altar of Qazlal.
   573 | D        | Noticed a polar bear
   574 | D        | Noticed a yaktaur
   574 | D        | Noticed a hornet
   575 | D        | Reached skill level 10 in Unarmed Combat
   575 | D        | Noticed a polar bear
   575 | D        | Noticed a polar bear
   576 | D        | Killed a polar bear
   577 | D        | Killed a polar bear
   579 | D        | Killed a hornet
   580 | D        | Killed a polar bear
   582 | D        | Killed a yaktaur
   591 | D        | Reached skill level 21 in Stealth
   591 | D        | Noticed a fire dragon
   594 | D        | Killed a fire dragon
   609 | D        | Reached ****** piety under Trog
   718 | D        | Noticed a death drake
   718 | D        | Reached XP level 10. HP: 58/58 MP: 11/11
   718 | D        | Noticed a crystal guardian
   719 | D        | Noticed a death drake
   724 | D        | Killed a death drake
   730 | D        | Killed a crystal guardian
   732 | D        | Killed a death drake
  1078 | D        | Reached skill level 10 in Fighting
  1078 | D        | Reached skill level 22 in Stealth
  1078 | D        | Noticed a kraken
  1088 | D        | Killed a kraken
  1590 | D        | Found a hazy altar of Hepliaklqana.
  1590 | D        | Found a snail-covered altar of Cheibriados.
  1591 | D        | Found a roughly hewn altar of Beogh.
  1605 | D        | Noticed a deep troll
  1606 | D        | Noticed a deep troll
  1608 | D        | Killed a deep troll
  1609 | D        | Killed a deep troll
  2133 | D        | Noticed a sphinx
  2134 | D        | Reached XP level 11. HP: 65/65 MP: 12/12
  2134 | D        | Noticed a sphinx
  2136 | D        | Killed a sphinx
  2137 | D        | Killed a sphinx
  2194 | D        | Noticed a deep elf master archer
  2198 | D        | Reached skill level 23 in Stealth
  2348 | D        | Killed a deep elf master archer
  2372 | D        | Reached skill level 15 in Dodging
  2372 | D        | Noticed a hell hog
  2372 | D        | Noticed a shining eye
  2372 | D        | Noticed a shining eye
  2372 | D        | Noticed a hell hog
  2372 | D        | Noticed a shining eye
  2372 | D        | Noticed a manticore
  2372 | D        | Noticed a manticore
  2372 | D        | Noticed a manticore
  2383 | D        | Killed a hell hog
  2392 | D        | Killed a manticore
  2392 | D        | Killed a manticore
  2396 | D        | Killed a manticore
  2400 | D        | Killed a hell hog
  2401 | D        | Killed a shining eye
  2402 | D        | Noticed a great orb of eyes
  2403 | D        | Killed a great orb of eyes
  2405 | D        | Killed a shining eye
  2406 | D        | Killed a shining eye
  2750 | D        | Noticed an obsidian statue
  2762 | D        | Noticed a soul eater
  2762 | D        | Killed an obsidian statue
  2770 | D        | Reached skill level 15 in Unarmed Combat
  2770 | D        | Reached skill level 1 in Evocations
  2770 | D        | Noticed a storm dragon
  2777 | D        | Killed a storm dragon
  2870 | D        | Found Beast's Antique Weapon Boutique.
  2870 | D        | Found Unom's Weapon Shoppe.
  2870 | D        | Found Nuzxiz's Distillery.
  2870 | D        | Found Leisisoo's Gadget Boutique.
  2870 | D        | Reached skill level 24 in Stealth
  2870 | D        | Gained mutation: Your thick and shaggy fur keeps you warm.
                  | (AC +3, rC+) [Felid growth]
  2870 | D        | Reached XP level 12. HP: 73/73 MP: 13/15
  2870 | D        | Noticed a golden dragon
  2875 | D        | Killed a golden dragon
  2886 | D        | Bought a wand of iceblast (10) for 168 gold pieces
  2886 | D        | Bought a wand of acid (9) for 312 gold pieces
  2888 | D        | Bought a potion of haste for 100 gold pieces
  2888 | D        | Bought a potion of degeneration for 10 gold pieces
  2888 | D        | Bought a potion of brilliance for 40 gold pieces
  2888 | D        | Bought a potion of mutation for 80 gold pieces
  2888 | D        | Bought a potion of ambrosia for 80 gold pieces
  2888 | D        | Bought a potion of resistance for 100 gold pieces
  2888 | D        | Bought a potion of mutation for 80 gold pieces
  2938 | D        | Bought a potion of cancellation for 112 gold pieces
  2942 | D        | Bought a scroll of blinking for 90 gold pieces
  2942 | D        | Bought a scroll of magic mapping for 42 gold pieces
  2942 | D        | Bought a scroll of remove curse for 36 gold pieces
  2942 | D        | Bought a scroll of fog for 24 gold pieces
  2944 | D        | Bought a scroll of blinking for 82 gold pieces
  3002 | D        | Noticed Sonja
  3002 | D        | Noticed a hellephant
  3002 | D        | Reached skill level 5 in Evocations
  3003 | D        | Noticed a purple draconian shifter
  3004 | D        | Killed a purple draconian shifter
  3006 | D        | Killed Sonja
  3015 | D        | Killed a hellephant
  3424 | D        | Noticed a deep elf blademaster
  3441 | D        | Killed a deep elf blademaster
  4280 | D        | Paralysed by a floating eye for 3 turns
  4483 | D        | Gained mutation: You have a somewhat thin skeletal
                  | structure. (Dex +2, Stealth) [potion of mutation]
  4484 | D        | Gained mutation: You have a moderately thin skeletal
                  | structure. (Dex +4, Stealth+) [potion of mutation]
  4485 | D        | Lost mutation: You have a moderately thin skeletal
                  | structure. (Dex +4, Stealth+) [potion of mutation]
  4485 | D        | Lost mutation: You have a somewhat thin skeletal structure.
                  | (Dex +2, Stealth) [potion of mutation]
  4486 | D        | Gained mutation: You are agile. (Dex +2) [potion of
                  | mutation]
  4487 | D        | Lost mutation: You are agile. (Dex +2) [potion of mutation]
  4487 | D        | Gained mutation: You possess an exceptional clarity of
                  | mind. [potion of mutation]
  4488 | D        | Lost mutation: You possess an exceptional clarity of mind.
                  | [potion of mutation]
  4488 | D        | Gained mutation: You have a pair of small antennae on your
                  | head. [potion of mutation]
  4489 | D        | Lost mutation: You have a pair of small antennae on your
                  | head. [potion of mutation]
  4489 | D        | Gained mutation: You are resistant to electric shocks.
                  | (rElec) [potion of mutation]
  4490 | D        | Lost mutation: You are resistant to electric shocks.
                  | (rElec) [potion of mutation]
  4490 | D        | Gained mutation: You possess an exceptional clarity of
                  | mind. [potion of mutation]
  4491 | D        | Lost mutation: You possess an exceptional clarity of mind.
                  | [potion of mutation]
  4491 | D        | Gained mutation: Your system is resistant to poisons.
                  | (rPois) [potion of mutation]
  4492 | D        | Lost mutation: Your system is resistant to poisons. (rPois)
                  | [potion of mutation]
  4492 | D        | Gained mutation: You are agile. (Dex +2) [potion of
                  | mutation]
  4493 | D        | Lost mutation: You are agile. (Dex +2) [potion of mutation]
  4494 | D        | Gained mutation: You have a pair of small horns on your
                  | head. [potion of mutation]
  4495 | D        | Lost mutation: You have a pair of small horns on your head.
                  | [potion of mutation]
  4496 | D        | Gained mutation: You are partially covered in molten
                  | scales. (AC +2) [potion of mutation]
  4497 | D        | Lost mutation: You are partially covered in molten scales.
                  | (AC +2) [potion of mutation]
  4497 | D        | Gained mutation: You have a pair of small horns on your
                  | head. [potion of mutation]
  4498 | D        | Lost mutation: You have a pair of small horns on your head.
                  | [potion of mutation]
  4499 | D        | Gained mutation: You are partially covered in molten
                  | scales. (AC +2) [potion of mutation]
  4500 | D        | Lost mutation: You are partially covered in molten scales.
                  | (AC +2) [potion of mutation]
  4500 | D        | Gained mutation: You have a pair of small horns on your
                  | head. [potion of mutation]
  4501 | D        | Lost mutation: You have a pair of small horns on your head.
                  | [potion of mutation]
  4501 | D        | Gained mutation: Your spells are a little harder to cast,
                  | but a little more powerful. [potion of mutation]
  4502 | D        | Lost mutation: Your spells are a little harder to cast, but
                  | a little more powerful. [potion of mutation]
  4502 | D        | Gained mutation: You evolve. [potion of mutation]
  4503 | D        | Lost mutation: You evolve. [potion of mutation]
  4503 | D        | Gained mutation: You are partially covered in iridescent
                  | scales. (AC +2) [potion of mutation]
  4504 | D        | Lost mutation: You are partially covered in iridescent
                  | scales. (AC +2) [potion of mutation]
  4505 | D        | Gained mutation: You are robust. (+10% HP) [potion of
                  | mutation]
  4506 | D        | Lost mutation: You are robust. (+10% HP) [potion of
                  | mutation]
  4506 | D        | Gained mutation: You are partially covered in yellow
                  | scales. (AC +2) [potion of mutation]
  4507 | D        | Lost mutation: You are partially covered in yellow scales.
                  | (AC +2) [potion of mutation]
  4507 | D        | Gained mutation: You possess an exceptional clarity of
                  | mind. [potion of mutation]
  4508 | D        | Lost mutation: You possess an exceptional clarity of mind.
                  | [potion of mutation]
  4508 | D        | Gained mutation: You are agile. (Dex +2) [potion of
                  | mutation]
  4509 | D        | Lost mutation: You are agile. (Dex +2) [potion of mutation]
  4509 | D        | Gained mutation: You are partially covered in iridescent
                  | scales. (AC +2) [potion of mutation]
  4510 | D        | Lost mutation: You are partially covered in iridescent
                  | scales. (AC +2) [potion of mutation]
  4510 | D        | Gained mutation: You have a pair of small antennae on your
                  | head. [potion of mutation]
  4511 | D        | Lost mutation: You have a pair of small antennae on your
                  | head. [potion of mutation]
  4511 | D        | Gained mutation: Your skin changes colour to match your
                  | surroundings (Stealth+). [potion of mutation]
  4512 | D        | Lost mutation: Your skin changes colour to match your
                  | surroundings (Stealth+). [potion of mutation]
  4512 | D        | Gained mutation: You are partially covered in slimy green
                  | scales. (AC +2) [potion of mutation]
  4513 | D        | Lost mutation: You are partially covered in slimy green
                  | scales. (AC +2) [potion of mutation]
  4513 | D        | Gained mutation: You are partially covered in large bone
                  | plates. (SH +4) [potion of mutation]
  4514 | D        | Lost mutation: You are partially covered in large bone
                  | plates. (SH +4) [potion of mutation]
  4514 | D        | Gained mutation: You have a pair of small antennae on your
                  | head. [potion of mutation]
  4725 | D        | Reached skill level 25 in Stealth
  4725 | D        | Noticed a centaur warrior
  4725 | D        | Noticed Kirke
  4726 | D        | Noticed a cacodemon
  4731 | D        | Killed Kirke
  4734 | D        | Killed a centaur warrior
  4738 | D        | Killed a cacodemon
  4740 | D        | Reached XP level 13. HP: 46/79 MP: 15/20
  4740 | D        | Noticed a bone dragon
  4740 | D        | Noticed a yaktaur captain
  4741 | D        | Noticed a frost giant
  4741 | D        | Noticed a deep elf high priest
  4742 | D        | Killed a yaktaur captain
  4743 | D        | Reached skill level 15 in Fighting
  4743 | D        | Reached skill level 10 in Evocations
  4743 | D        | Noticed a golden dragon
  4745 | D        | Noticed a storm dragon
  4745 | D        | Killed a bone dragon
  4747 | D        | Killed a frost giant
  4753 | D        | Killed a deep elf high priest
  4758 | D        | Killed a storm dragon
  4769 | D        | Killed a golden dragon
  5104 | D        | Found Vaxuusui's General Store.
  5104 | D        | Found Arephox's Food Shop.
  5104 | D        | Found Laothrom's Food Shop.
  5104 | D        | Found Galeocoe's Weapon Shoppe.
  5104 | D        | Found Huhuth's Armour Boutique.
  5105 | D        | Found Leisisoo's Assorted Antiques.
  5105 | D        | Found Jipt's Food Boutique.
  5105 | D        | Found Toinic's Magic Scroll Emporium.
  5105 | D        | Found Coba's Antique Weapon Shop.
  5105 | D        | Found Zuif Deutor's Antique Weapon Emporium.
  5105 | D        | Found Fizycrist's Food Shop.
  5105 | D        | Found Xeawnebb's Jewellery Shoppe.
  5111 | D        | Bought a runed sapphire ring for 120 gold pieces
  5115 | D        | Bought an uncursed ring of protection from fire for 350
                  | gold pieces
  5124 | D        | Bought a ration for 50 gold pieces
  5124 | D        | Bought a ration for 50 gold pieces
  5124 | D        | Bought a ration for 50 gold pieces
  5124 | D        | Bought a ration for 50 gold pieces
  5124 | D        | Bought a ration for 50 gold pieces
  5124 | D        | Bought a ration for 50 gold pieces
  5124 | D        | Bought a ration for 50 gold pieces
  5124 | D        | Bought a ration for 50 gold pieces
  5124 | D        | Bought a ration for 50 gold pieces
  5124 | D        | Bought a ration for 50 gold pieces
  5165 | D        | Bought an uncursed amulet of guardian spirit for 300 gold
                  | pieces
  5175 | D        | Bought a potion of heal wounds for 50 gold pieces
  5175 | D        | Bought a potion of agility for 40 gold pieces
  5175 | D        | Bought a potion of mutation for 80 gold pieces
  5175 | D        | Lost mutation: You have a pair of small antennae on your
                  | head. [potion of mutation]
  5175 | D        | Gained mutation: You do not regenerate when monsters are
                  | visible. [potion of mutation]
  5175 | D        | Gained mutation: Your magical capacity is low. (-10% MP)
                  | [potion of mutation]
  5175 | D        | Gained mutation: You possess an exceptional clarity of
                  | mind. [potion of mutation]
  5175 | D        | Gained mutation: You expend magic power (3 MP) to
                  | strengthen your wands. [potion of mutation]
  5250 | D        | Identified Roxanne's Almanac of the Rocks
  5250 | D        | Noticed Roxanne
  5256 | D        | Reached skill level 26 in Stealth
  5256 | D        | Noticed an orc warlord
  5271 | D        | Killed Roxanne
  5282 | D        | Noticed the 27-headed Lernaean hydra
  5449 | D        | Killed an orc warlord
  5465 | D        | Killed the 27-headed Lernaean hydra
  5539 | D        | Found Ocatoc's Antique Weapon Shoppe.
  5576 | D        | Got a fine emerald amulet
  5577 | D        | Identified the amulet "Lehasefa" {*Corrode rElec rF+++
                  | Regen+ Dex-4} (You found it in the Dungeon)
  5582 | D        | Found Moinuomn's Gadget Boutique.
  5582 | D        | Found Nuicrana's Book Shoppe.
  5615 | D        | Found Wuharet's Food Boutique.
  5616 | D        | Found Xyczorest's Distillery.
  5618 | D        | Noticed Nessos
  5625 | D        | Killed Nessos
  5631 | D        | Bought a potion of heal wounds for 55 gold pieces
  5631 | D        | Bought a potion of haste for 110 gold pieces
  5631 | D        | Bought a potion of heal wounds for 55 gold pieces
  5631 | D        | Bought a potion of agility for 44 gold pieces
  5631 | D        | Bought a potion of curing for 33 gold pieces
  5631 | D        | Bought a potion of curing for 33 gold pieces
  5976 | D        | Noticed Gastronok
  5978 | D        | Killed Gastronok
  5982 | D        | Noticed a dire elephant
  5988 | D        | Killed a dire elephant
  6000 | D        | Got a clouded amethyst amulet
  6719 | D        | Noticed a quicksilver dragon
  6721 | D        | Killed a quicksilver dragon
  6742 | D        | Noticed a quicksilver dragon
  6742 | D        | Reached XP level 14. HP: 86/86 MP: 21/21
  6742 | D        | Noticed a lorocyproca
  6744 | D        | Killed a quicksilver dragon
  6754 | D        | Killed a lorocyproca
  7231 | D        | Noticed a quicksilver dragon
  7235 | D        | Killed a quicksilver dragon
  7245 | D        | Noticed a lorocyproca
  7249 | D        | Killed a lorocyproca
  7250 | D        | Noticed a lorocyproca
  7258 | D        | Killed a lorocyproca
  7303 | D        | Reached XP level 15. HP: 90/90 MP: 21/23
  7309 | D        | Noticed Murray
  7320 | D        | Killed Murray
  7749 | D        | Got the Orb of Zot
  7801 | D        | Reached skill level 27 in Stealth
  7823 | D        | Noticed an Orb Guardian
  7840 | D        | Killed an Orb Guardian
  7858 | D        | Escaped with the Orb!

Skill      XL: |  1  2  3  4  5  6  7  8  9 10 11 12 13 14 15 |
---------------+----------------------------------------------+-----
Stealth        | 7 8 13 18 20 21 22 24 25 26 27 | 27.0
Unarmed Combat | 5 9 11 13 15 17 18 19 | 19.5
Fighting       | 4 7 9 11 13 14 16 | 16.8
Dodging        | 6 10 12 14 16 18 20 | 20.9
Evocations     | 3 9 12 13 | 13.2

Action                   |  1- 3 |  4- 6 |  7- 9 | 10-12 | 13-15 || total
-------------------------+-------+-------+-------+-------+-------++-------
Melee: Unarmed           |     9 |    23 |    22 |    69 |   114 ||   237
       Bite              |     1 |     2 |       |     7 |    15 ||    25
       Punch             |       |       |     2 |    10 |    15 ||    27
Invok: Berserk           |     1 |     2 |       |       |     1 ||     4
       Brothers in Arms  |       |       |       |    18 |    18 ||    36
       Trog's Hand       |       |       |       |     7 |     3 ||    10
 Abil: Evoke Flight      |       |       |       |     6 |     6 ||    12
Evoke: Wand              |       |       |       |       |     9 ||     9
  Use: Potion            |       |       |     3 |    38 |    10 ||    51
       Scroll            |       |       |       |     5 |     6 ||    11
 Stab: Sleeping          |     6 |     4 |     7 |    11 |    13 ||    41
       Invisible         |       |       |       |     1 |       ||     1
       Distracted        |       |       |       |     5 |       ||     5
  Eat: Chunk             |       |     1 |       |     7 |    15 ||    23
       Ration            |       |       |       |     5 |     2 ||     7
Armor: Skin              |       |     1 |       |     4 |       ||     5
Dodge: Dodged            |     1 |    20 |     7 |   120 |    84 ||   232
